 Dungeon Crawl Stone Soup version 0.31.0-32-g396128a36d (webtiles) character file.

Game seed: 7097775995705625521

15961 chippings the Skirmisher (level 12, -1/90 HPs)
             Began as a Black Draconian Wanderer on Mar 26, 2024.
             Was an Elder of Hepliaklqana.
             Slain by a cane toad (7 damage)
             ... on level 2 of the Lair of Beasts.
             The game lasted 00:33:39 (12309 turns).

chippings the Skirmisher (DrWn)                    Turns: 12309, Time: 00:33:39

Health: -1/90      AC: 12    Str: 11    XL:     12   Next: 5%
Magic:  18/18      EV: 13    Int: 11    God:    Hepliaklqana [****..]
Gold:   597        SH:  0    Dex: 21    Spells: 6/11 levels left

rFire   . . .        b - +2 orcbow (freeze)
rCold   x . .        (shield currently unavailable)
rNeg    . . .        (body armour unavailable)
rPois   .            (helmet restricted)
rElec   +            B - +1 cloak
rCorr   .            c - +0 pair of gloves
SInv    .            m - +0 pair of boots
Will    .....        r - amulet of faith
Stlth   ++++         w - ring of wizardry
HPRegen 0.35/turn    (no ring)
MPRegen 0.16/turn

%: faith, wizardry (x1)
@: lethally poisoned (-1 -> -5), about to teleport
A: reduced essence, breathe lightning, AC +8, unfitting armour, electricity
resistance, cold-blooded, mutation resistance 1, cold vulnerability 1
a: Breathe Lightning, Renounce Religion, Recall Ancestor, Ancestor Identity,
Transference, Idealise


You were on level 2 of the Lair of Beasts.
You worshipped Hepliaklqana.
Hepliaklqana was greatly pleased with you.
You visited 3 branches of the dungeon, and saw 14 of its levels.

You collected 841 gold pieces.
You spent 244 gold pieces at shops.

Inventory:

Hand Weapons
 a - a +2 falchion
 b - a +2 orcbow of freezing (weapon)
Missiles
 k - 22 poisoned darts
 t - 5 curare-tipped darts
 D - a throwing net
Armour
 c - a +0 pair of gloves (worn)
 m - a +0 pair of boots (worn)
 B - a +1 cloak (worn)
Jewellery
 o - an amulet of reflection
 r - an amulet of faith (around neck)
 u - a ring of fire
 w - a ring of wizardry (left hand)
 x - an amulet of guardian spirit
 E - a +6 ring of strength
Wands
 e - a wand of flame (10)
 g - a wand of quicksilver (4)
 y - a wand of charming (12)
 F - a wand of iceblast (15)
Scrolls
 d - 3 scrolls of fog
 h - 2 scrolls of torment
 i - 2 scrolls of immolation
 l - 2 scrolls of vulnerability
 n - 6 scrolls of teleportation
 q - a scroll of amnesia
 H - a scroll of poison
Potions
 f - 3 potions of lignification
 p - 2 potions of enlightenment {unknown}
 s - a potion of resistance
 v - 2 potions of magic
 z - a potion of attraction {unknown}
 C - a potion of cancellation


   Skills:
 - Level 8.0 Fighting
 - Level 8.0 Long Blades
 + Level 9.7 Ranged Weapons
 - Level 2.0 Dodging
 + Level 7.3 Stealth
 - Level 4.0 Hexes
 - Level 8.0 Air Magic
 + Level 9.2 Invocations


You had 6 spell levels left.
You knew the following spells:

 Your Spells              Type           Power      Damage    Failure   Level
a - Silence               Hex/Air        6%         N/A       32%         5

Your spell library contained the following spells:

 Spells                   Type           Power      Damage    Failure   Level
 Jinxbite                 Hex            16%        N/A       4%          2
 Tukima's Dance           Hex            8%         N/A       9%          3
 Magic Dart               Conj           0%         1d3       14%         1
 Mephitic Cloud           Conj/Alch/Air  5%         N/A       16%         3
 Dazzling Flash           Conj/Hex       8%         N/A       19%         3
 Inner Flame              Hex/Fire       4%         N/A       19%         3
 Searing Ray              Conj           0%         2d4       21%         2
 Summon Ice Beast         Ice/Summ       0%         N/A       38%         3
 Dimensional Bullseye     Hex/Tloc       2%         N/A       50%         4
 Flame Wave               Conj/Fire      0%         2d4       77%         4
 Fulminant Prism          Conj/Alch      0%         3d5       77%         4
 Iskenderun's Mystic Bla  Conj/Tloc      0%         2d3       77%         4
 Sticky Flame             Fire/Alch      0%         2d4       77%         4
 Summon Mana Viper        Hex/Summ       4%         N/A       83%         5
 Yara's Violent Unravell  Hex/Alch       2%         3d3       83%         5
 Alistair's Intoxication  Alch           0%         N/A       98%         5
 Borgnjor's Vile Clutch   Necr/Erth      0%         N/A       98%         5
 Curse of Agony           Necr           0%         N/A       98%         5
 Eringya's Noxious Bog    Alch           0%         4d6       100%        6
 Enfeeble                 Hex            4%         N/A       100%        7
 Monstrous Menagerie      Summ           0%         N/A       100%        7


Dungeon Overview and Level Annotations

Branches:
Dungeon (11/15)            Temple (1/1) D:5            Lair (2/5) D:10
  Swamp: Lair:2-3    Shoals: Lair:2-3     Snake: Lair:2-3    Spider: Lair:2-3
    Orc: D:9-12

Altars:
Ashenzari
Cheibriados
Dithmenos
Elyvilon
Fedhas
Gozag
Hepliaklqana
Kikubaaqudgha
Makhleb
Nemelex Xobeh
Okawaru
Qazlal
Ru
Sif Muna
Trog
Uskayaw
Vehumet
Wu Jian
Xom
Yredelemnul
Zin
The Shining One

Shops:
D:1 (   D:6 *

Annotations:
D:6 1 transporter, Fractals's ghost, novice DsAl
D:10 exclusions: ice statue and orange crystal statue


Innate Abilities, Weirdness & Mutations

Your life essence is reduced to manifest your ancestor. (-10% HP)
You can breathe wild blasts of lightning.
Your glossy black scales are hard. (AC +8)
You cannot fit into any form of body armour.
You are resistant to electric shocks. (rElec)
You are cold-blooded and may be slowed by cold attacks.
You are somewhat resistant to further mutation.
You are vulnerable to cold. (rC-)


Message History

You shoot an arrow.
The arrow hits the cane toad but does no damage.
The cane toad is almost dead.
Kaidan barely misses the cane toad.
The cane toad stings you!
You are poisoned.
The cane toad poisons you! The cane toad closely misses you.
You shoot an arrow. The arrow barely misses the cane toad.
You feel very sick. The cane toad misses you.
Kaidan barely misses the cane toad.
You shoot an arrow. The arrow barely misses the cane toad.
You feel very sick. The cane toad closely misses you.
The cane toad stings you but does no damage.
Unknown command.
You shoot an arrow. The arrow barely misses the cane toad.
You feel very sick.
The cane toad is no longer moving slowly.
The cane toad stings you.
Kaidan hits the cane toad with a +0 flail.
The cane toad closely misses you. x2; The cane toad barely misses you.
You shoot an arrow. The arrow hits the cane toad.
The arrow freezes the cane toad.
You kill the cane toad!
You feel very sick. The cane toad stings you!
The cane toad stings you but does no damage.
Kaidan hits the cane toad with a +0 flail!
You shoot an arrow.
The arrow hits the cane toad but does no damage.
The cane toad is severely wounded.
You feel sick. The cane toad stings you! x2
* * * LOW HITPOINT WARNING * * *
The cane toad barely misses you.
Unknown command.
As you read the scroll of teleportation, it crumbles to dust.
You feel strangely unstable.
You feel sick. The cane toad stings you!
* * * LOW HITPOINT WARNING * * *
Kaidan hits the cane toad with a +0 flail!
The cane toad barely misses you. The cane toad stings you!
You die...

##### ####
...P.#######
####...
......#....#
#.#....
......R†F.##
##.....
.......F@..####
##.....
.....####....P#
#...... ...
##...P##
##....## .
##....###....##
##....##....#
#....#R....#
#.#.......##
#####...÷....#
.
#.##.......###


You could see the friendly Kaidan the knight and 2 cane toads.

Vanquished Creatures
  A boulder beetle (D:8)
  A two-headed ogre (D:9)
  2 death yaks (Lair:2)
  2 cane toads
  A rime drake (D:10)
  A komodo dragon (Lair:2)
  A troll (D:10)
  A polar bear (Lair:1)
  2 blink frogs (Lair:2)
  Sigmund (D:2)
  A shadow (D:10)
  3 wyverns
  7 yaks
  A steam dragon (D:7)
  4 water moccasins
  2 ice beasts
  2 orc warriors
  A black bear (D:5)
  2 ogres
  11 wolves
  4 centaurs
  A phantom (D:6)
  2 kobold brigands
  3 bullfrogs
  A scorpion (D:5)
  8 wights
  13 killer bees
  3 jellies
  3 hounds
  2 gnoll boudas
  A sleepcap (D:6)
  2 iguanas
  Natasha (twice) (D:4)
  5 orc wizards
  4 hell rats (Lair:1)
  14 gnolls
  7 adders
  A shadow imp (D:6)
  A white imp (D:5)
  2 dart slugs (D:4)
  3 ribbon worms
  8 orcs
  5 bats
  3 endoplasms
  4 giant cockroaches
  8 hobgoblins
  10 jackals
  A quokka (D:4)
  3 ball pythons
  2 frilled lizards
  8 goblins
  8 kobolds
  5 rats
194 creatures vanquished.

Vanquished Creatures (collateral kills)
  A minotaur (Lair:1)
  A death yak (Lair:2)
  A cane toad (Lair:1)
  Psyche (D:9)
  A polar bear (Lair:1)
  A blink frog (Lair:2)
  9 yaks
  A wraith (D:10)
  2 water moccasins
  An orc warrior (D:8)
  An ice beast (D:10)
  6 wolves
  A bullfrog (Lair:2)
  A kobold brigand (D:7)
  A scorpion (D:8)
  3 wights (D:8)
  8 killer bees
  3 orc wizards
  A hell rat (Lair:1)
  3 gnolls
  2 kobolds
49 creatures vanquished.

Vanquished Creatures (others)
  6 knights
  An ancestor (D:7)
7 creatures vanquished.

Grand Total: 250 creatures vanquished

Notes
Turn   | Place    | Note
-------+----------+-------------------------------------------
     0 | D:1      | chippings the Draconian Wanderer began the quest for the
                  | Orb.
     0 | D:1      | chippings set off with the following items: a +2 falchion,
                  | a +0 sling, a +0 pair of gloves, a scroll of fog.
     0 | D:1      | Reached XP level 1. HP: 17/17 MP: 1/1
   261 | D:1      | Found Gynwawem's Antique Weapon Boutique.
   584 | D:1      | Reached XP level 2. HP: 25/25 MP: 2/2
  1156 | D:2      | Found a stormy altar of Qazlal.
  1162 | D:2      | Noticed Sigmund
  1209 | D:2      | Killed Sigmund
  1210 | D:2      | Reached XP level 3. HP: 19/34 MP: 3/3
  1210 | D:2      | Reached XP level 4. HP: 23/41 MP: 4/4
  1210 | D:2      | Reached XP level 5. HP: 26/47 MP: 5/5
  1372 | D:2      | Found a faded altar of an unknown god.
  1845 | D:3      | Reached skill level 5 in Long Blades
  1855 | D:3      | Reached XP level 6. HP: 47/55 MP: 6/6
  1881 | D:3      | Found a shimmering altar of Xom.
  1966 | D:3      | Reached skill level 5 in Fighting
  2712 | D:4      | Noticed Natasha
  2721 | D:4      | Killed Natasha
  2743 | D:4      | Gained mutation: You are vulnerable to cold. (rC-) [potion
                  | of mutation]
  2743 | D:4      | Gained mutation: You are somewhat resistant to further
                  | mutation. [potion of mutation]
  2879 | D:4      | Noticed Natasha
  2884 | D:4      | Killed Natasha
  3017 | D:5      | Entered Level 5 of the Dungeon
  3115 | D:5      | Your scales start taking on a glossy black colour.
  3115 | D:5      | Reached XP level 7. HP: 51/61 MP: 7/7
  3115 | D:5      | Gained mutation: You are resistant to electric shocks.
                  | (rElec) [Black Draconian growth]
  3662 | D:5      | Found a staircase to the Ecumenical Temple.
  3671 | Temple   | Entered the Ecumenical Temple
  3686 | Temple   | Became a worshipper of Hepliaklqana the Forgotten
  4027 | D:6      | Reached XP level 8. HP: 46/71 MP: 8/8
  4129 | D:6      | Noticed Fractals's ghost (novice DsAl)
  4131 | D:6      | Found a transporter.
  4131 | D:6      | Identified the +5 dire flail of Puguupp {flame, Str+4}
  4131 | D:6      | Noticed a two-headed ogre
  4240 | D:6      | Learned a level 5 spell: Silence
  4330 | D:6      | Reached skill level 5 in Ranged Weapons
  4469 | D:6      | Reached skill level 1 in Air Magic
  4480 | D:6      | Reached skill level 1 in Hexes
  4887 | D:6      | Found Egypyrig's Assorted Antiques.
  4895 | D:6      | Bought a scroll labelled WAYT POEPUADGHE for 26 gold pieces
  4895 | D:6      | Bought a metallic puce potion for 23 gold pieces
  4895 | D:6      | Bought a runed cloak for 195 gold pieces
  5285 | D:7      | Reached * piety under Hepliaklqana
  5919 | D:7      | Reached XP level 9. HP: 37/71 MP: 6/9
  6102 | D:8      | Found a radiant altar of Vehumet.
  6133 | D:8      | Reached ** piety under Hepliaklqana
  6134 | D:8      | Remembered your ancestor Kaidan as a knight
  6150 | D:8      | Reached skill level 1 in Invocations
  6650 | D:8      | Noticed a boulder beetle
  6651 | D:8      | Found a shimmering altar of Xom.
  7054 | D:9      | Identified the +5 ring mail of the Griffon {^Drain Regen+
                  | Str+4 Dex+4}
  7122 | D:9      | Noticed Psyche
  7125 | D:9      | Killed Psyche
  7126 | D:9      | Reached skill level 5 in Air Magic
  7351 | D:10     | Entered Level 10 of the Dungeon
  7688 | D:8      | Reached XP level 10. HP: 44/79 MP: 11/13
  8054 | D:8      | Reached skill level 1 in Stealth
  8598 | D:8      | Killed a boulder beetle
  8599 | D:8      | Reached skill level 5 in Invocations
  8748 | D:10     | Noticed a two-headed ogre
  8762 | D:9      | Killed a two-headed ogre
  9397 | D:10     | Found a white marble altar of Elyvilon.
  9415 | D:10     | Reached XP level 11. HP: 84/84 MP: 15/15
  9494 | D:10     | Noticed an orange crystal statue
  9717 | D:10     | Reached *** piety under Hepliaklqana
  9725 | D:10     | Found a staircase to the Lair.
 10005 | Lair:1   | Entered Level 1 of the Lair of Beasts
 10088 | Lair:1   | Found a runed translucent door.
 10190 | Lair:1   | Reached skill level 5 in Stealth
 11254 | Lair:1   | Noticed a minotaur
 11279 | Lair:1   | Killed a minotaur
 11576 | Lair:2   | Noticed a death yak
 11577 | Lair:2   | Noticed a death yak
 11577 | Lair:2   | Noticed a death yak
 11597 | Lair:2   | Killed a death yak
 11659 | Lair:2   | Killed a death yak
 11671 | Lair:2   | Killed a death yak
 11925 | Lair:2   | Reached **** piety under Hepliaklqana
 11968 | Lair:2   | Reached XP level 12. HP: 39/90 MP: 15/18
 12309 | Lair:2   | Slain by a cane toad

Illustrated notes

Levels and vault maps discovered:
D:1:      lightli_arrival_farm, layout_loops_corners, serial_shops,
          nicolae_shop_crystal, st_stairs_8
D:2:      layout_basic, basic_altar, basic_ecumenical_altar,
          chequers_serial_rivers_marsh, uniq_sigmund
D:3:      layout_rooms, old_standard_altar, minmay_crystal_room,
          kennysheep_pointless_box
D:4:      layout_basic, uniq_natasha
D:5:      layout_loops_cross, minmay_temple_entry_mist,
          hangedman_abyss_or_decor_stabs
D:6:      layout_layer_cave, gammafunk_ghost_smash, serial_shops, shop,
          minivault_24, hex_tiny
D:7:      layout_cave_pools
D:8:      layout_cave_pools, kennysheep_mini, minivault_22, minmay_ruined_shrine
D:9:      layout_basic, uniq_psyche
D:10:     minmay_separated_statues, layout_cave_pools,
          mainiacjoe_overflow_six_doors_small, hellmonk_lair_entry_icy,
          serial_rivers, chequers_serial_rivers_small_a,
          chequers_serial_rivers_room_b, chequers_serial_rivers_micro_c,
          chequers_serial_rivers_marsh
D:11:     layout_big_octagon, gammafunk_ghost_berserking_beasts
Temple:   compressed_dpeg_triangle_lava_temple
Lair:1:   dreamdust_labyrinth, layout_hall_layers
Lair:2:   layout_cave_pods, guppyfry_snake_entry_island

Skill      XL: |  1  2  3  4  5  6  7  8  9 10 11 |
---------------+----------------------------------+-----
Dodging        | 2 |  2.0
Fighting       | 4 5 6 7 8 |  8.0
Long Blades    | 4 5 6 7 8 |  8.0
Ranged Weapons | 3 4 5 6 7 9 |  9.7
Air Magic      | 3 5 7 8 |  8.0
Hexes          | 2 4 |  4.0
Invocations    | 4 6 9 |  9.2
Stealth        | 4 7 |  7.3

Action                     |  1- 3 |  4- 6 |  7- 9 | 10-12 || total
---------------------------+-------+-------+-------+-------++-------
  Melee: Falchion          |    30 |   141 |   109 |     3 ||   283
         Tailslap          |     2 |    15 |    14 |       ||    31
         Punch             |       |     3 |       |       ||     3
   Fire: Sling             |    29 |    18 |       |       ||    47
         Orcbow            |       |       |   186 |   425 ||   611
  Throw: Dart              |     4 |       |       |       ||     4
 Invoke: Ancestor Identity |       |       |     2 |       ||     2
         Recall Ancestor   |       |       |     4 |     3 ||     7
         Ancestor Life: Kn |       |       |     1 |       ||     1
         Transference      |       |       |       |     2 ||     2
Ability: Breathe Lightning |       |       |     1 |     1 ||     2
    Use: Potion            |     5 |     1 |     4 |     7 ||    17
         Scroll            |     3 |       |    10 |     9 ||    22
   Stab: Sleeping          |     2 |     2 |       |       ||     4
 Armour: Skin              |    54 |    89 |   181 |   188 ||   512
  Dodge: Dodged            |    16 |    74 |   192 |   168 ||   450
